 Dungeon Crawl Stone Soup version 0.19.4-8-ga85b6b9 (webtiles) character file.

58 winWinterter the Chucker (level 4, 0/34 HPs)
             Began as a Formicid Hunter on Feb 13, 2017.
             Succumbed to Ijyb's poison
             ... on level 2 of the Dungeon.
             The game lasted 00:03:26 (976 turns).

winWinterter the Chucker (Formicid Hunter)           Turns: 976, Time: 00:03:26

Health: 0/34       AC:  5    Str: 16    XL:     4   Next: 21%
Magic:  13/13      EV: 12    Int: 11    God:
Gold:   52         SH:  0    Dex: 12    Spells: 0 memorised, 3 levels left

rFire  . . .     SeeInvis +     n - +3 dagger (pain)
rCold  . . .     Gourm    .     b - +0 leather armour
rNeg   . . .     Faith    .     (no shield)
rPois  .         Spirit   .     (helmet unavailable)
rElec  .         Reflect  .     k - +0 cloak
rCorr  .         Harm     .     l - +0 pair of gloves
MR     .....                    (no boots)
Stlth  +.........               (no amulet)
                                (no ring)
                                e - ring of magical power

@: lethally poisoned (0 -> -6)
A: permanent stasis, dig shafts and tunnels, four strong arms, antennae 3
a: Dig, Shaft Self


You were on level 2 of the Dungeon.
You were not hungry.

You visited 1 branch of the dungeon, and saw 2 of its levels.

You collected 52 gold pieces.

Inventory:

Hand Weapons
 a - a +0 short sword
 n - a +3 dagger of pain (weapon)
 q - a +6 dagger of venom
Missiles
 c - 3 javelins (quivered)
 d - a throwing net
Armour
 b - a +0 leather armour (worn)
 k - a +0 cloak (worn)
 l - a +0 pair of gloves (worn)
Jewellery
 e - a ring of magical power (left hand)
Scrolls
 g - 4 scrolls of identify {unknown}
 i - a scroll of magic mapping {unknown}
 m - a scroll of immolation {unknown}
 o - a scroll of noise {unknown}
 p - a scroll of remove curse {unknown}
 s - a scroll of fear {unknown}
Comestibles
 f - a bread ration
 h - 2 chunks of flesh
 j - a meat ration
 r - 2 fruits


   Skills:
 + Level 2.4 Fighting
 + Level 0.8 Short Blades
 + Level 4.8 Throwing
 + Level 1.0 Armour
 + Level 2.1 Dodging
 + Level 1.2 Stealth


You had 3 spell levels left.
You didn't know any spells.

Dungeon Overview and Level Annotations

Branches:
Dungeon (2/15)

Altars:

Annotations:
D:2 Sigmund


Innate Abilities, Weirdness & Mutations

You are under a permanent stasis effect.
You can dig through walls and to a lower floor.
Your four strong arms can wield two-handed weapons with a shield.
You have a pair of large antennae on your head. (SInv)


Message History

* * * LOW HITPOINT WARNING * * *
You feel sick.
* * * LOW HITPOINT WARNING * * *
You feel sick.
* * * LOW HITPOINT WARNING * * *
You feel sick.
* * * LOW HITPOINT WARNING * * *
You feel sick.
* * * LOW HITPOINT WARNING * * *
You feel sick.
* * * LOW HITPOINT WARNING * * *
You feel sick.
* * * LOW HITPOINT WARNING * * *
You feel sick.
You start eating the bread ration.
You continue eating.
* * * LOW HITPOINT WARNING * * *
You feel sick.
You continue eating.
You die...

#.......# #.# #.......#
##.# ######### #..# #.##
#.# ### ####.# ##..
########....# #######..#
#........########..(((..##
#........@.......[#######
#........##########
##########


There were no monsters in sight!

Vanquished Creatures
  Ijyb (D:2)
  An adder (D:2)
  An ooze (D:1)
  A leopard gecko (D:1)
  A giant cockroach (D:1)
  2 goblins (D:1)
  3 hobgoblins
  5 bats
  A frilled lizard (D:1)
  2 kobolds (D:1)
  6 rats (D:1)
24 creatures vanquished.

Notes
Turn   | Place    | Note
-------+----------+-------------------------------------------
     0 | D:1      | winWinterter the Formicid Hunter began the quest for the Orb.
     0 | D:1      | Reached XP level 1. HP: 16/16 MP: 1/1
   163 | D:1      | Reached XP level 2. HP: 19/22 MP: 2/2
   451 | D:1      | Reached XP level 3. HP: 3/28 MP: 3/3
   738 | D:2      | Noticed Sigmund
   924 | D:2      | Noticed Ijyb
   961 | D:2      | Killed Ijyb
   961 | D:2      | Reached skill level 1 in Armour
   961 | D:2      | Reached XP level 4. HP: 15/34 MP: 4/4
   975 | D:2      | HP: 1/34 [poisoned by Ijyb]
   976 | D:2      | Succumbed to Ijyb's poison

Skill      XL: |  1  2  3 |
---------------+----------+-----
Dodging        | 2 |  2.1
Armour         | 1 |  1.0
Fighting       | |  2.4
Short Blades   | |  0.8
Throwing       | |  4.8
Stealth        | |  1.2

Action                   |  1- 3 |  4- 6 || total
-------------------------+-------+-------++-------
Melee: Short sword       |    26 |       ||    26
       Dagger            |    60 |       ||    60
Throw: Javelin           |     5 |       ||     5
       Throwing net      |     1 |       ||     1
  Use: Potion            |     1 |       ||     1
Armor: Leather armour    |    26 |       ||    26
Dodge: Dodged            |    58 |       ||    58
